Map: Babylon LE

Players

MillForGG (ForGG)

  • Race: Terran Terran
  • League: Grandmaster
  • Spawn Location: 5:00

ReesesPieces - Winner!

  • Race: Protoss Protoss
  • League: Grandmaster
  • Spawn Location: 11:00

VOD

Have the link to the VOD?

Description

Time

  • Played on: May 18, 2023, 5:54 p.m.
  • Length: 8:22
Show
View Real Time Build Order
Export as new Build Order

MillForGG Terran 

Build Orders: Liberator Opening 

Get SALT Encoding   

  12  0:00  SCV  
  13  0:12  SCV  
  14  0:17  Supply Depot  
  14  0:24  SCV  
  15  0:38  SCV  
  15  0:41  Barracks  
  16  0:45  Refinery  
  16  0:51  SCV  
  17  1:03  SCV  
  18  1:15  SCV  
  19  1:28  Orbital Command, Marine  
  20  1:42  Command Center  
  20  1:53  Factory  
  20  1:56  SCV  
  21  2:07  Barracks Reactor  
  21  2:08  SCV  
  22  2:09  Refinery  
  22  2:15  Supply Depot  
  22  2:20  SCV  
  23  2:36  SCV  
  24  2:39  Starport  
  24  2:48  SCV  
  24  2:49  Marine x2  
  27  2:54  Widow Mine  
  27  2:55  Orbital Command  
  29  3:01  SCV  
  29  3:02  Supply Depot  
  30  3:07  Marine  
  30  3:13  SCV  
  30  3:16  Factory Tech Lab  
  30  3:17  Medivac  
  33  3:20  Marine  
  33  3:22  Orbital Command  
  33  3:25  SCV  
  34  3:35  Siege Tank  
  34  3:37  SCV  
  34  3:38  Marine  
  34  3:39  Marine  
  40  3:49  SCV x2  
  40  3:53  Liberator  
  45  3:56  Marine x2  
  45  4:01  SCV x2  
  49  4:03  Supply Depot  
  49  4:06  Supply Depot  
  49  4:13  SCV x2  
  49  4:14  Marine x2  
  48  4:32  Marine x2  
  48  4:35  SCV x2  
  48  4:36  Viking  
  53  4:40  Siege Tank  
  54  4:50  Marine x2  
  54  4:53  SCV  
  54  4:54  SCV  
  56  5:06  Viking, Supply Depot x2  
  58  5:07  SCV x2  
  58  5:08  Marine x2  
  62  5:15  Siege Tank  
  62  5:19  SCV x2  
  67  5:25  Marine x2  
  67  5:28  Barracks x2  
  69  5:33  SCV x2  
  71  5:37  Starport Reactor  
  71  5:39  Engineering Bay  
  71  5:43  Marine x2  
  71  5:45  SCV x2  
  75  5:51  Refinery  
  75  5:52  Refinery  
  75  5:57  SCV x2, Factory Reactor  
  75  6:01  Marine x2  
  79  6:06  Terran Infantry Weapons Level 1  
  79  6:10  SCV x2  
  81  6:16  Barracks Tech Lab x2  
  81  6:19  Marine x2  
  81  6:21  Command Center  
  81  6:22  SCV x2  
  85  6:36  Barracks, Marine x2  
  85  6:37  Barracks, Marine x2  
  85  6:38  SCV x2  
  89  6:45  Combat Shield  
  89  6:51  SCV x2  
  91  6:59  Marine x3  
  94  7:03  Marine  
  94  7:05  SCV  
  94  7:13  SCV  
  90  7:17  Medivac x2, SCV  
  90  7:21  Marine x4  
  91  7:25  SCV, Barracks Reactor x2  
  83  7:31  SCV  
  83  7:34  Orbital Command  
  84  7:37  SCV  
  84  7:39  Marine x4  
  89  7:49  Missile Turret  
  89  7:50  Missile Turret  
  89  7:51  Medivac x2  
  89  7:55  SCV x2  
  89  7:56  Marine  
  89  7:57  Marine x3  
  99  8:03  Marine  
  99  8:04  Marine x2  
Show
View Real Time Build Order
Export as new Build Order

ReesesPieces Protoss - Winner!

Build Orders: 1 Gate Expand, Oracle Opening 

Get SALT Encoding   

  12  0:00  Probe  
  13  0:12  Probe  
  14  0:17  Pylon  
  14  0:24  Probe (Chrono Boost)  
  16  0:35  Gateway  
  16  0:37  Probe (Chrono Boost)  
  16  0:42  Probe (Chrono Boost)  
  16  0:45  Assimilator  
  17  0:51  Probe  
  18  1:03  Probe  
  19  1:15  Probe  
  20  1:22  Cybernetics Core  
  20  1:23  Zealot  
  22  1:41  Nexus  
  22  1:51  Pylon  
  22  1:57  Adept (Chrono Boost)  
  23  2:06  Assimilator  
  23  2:09  Probe  
  23  2:15  Stargate  
  24  2:21  Probe (Chrono Boost)  
  25  2:32  Warp Gate  
  25  2:33  Probe (Chrono Boost)  
  26  2:38  Probe (Chrono Boost)  
  27  2:47  Probe  
  28  2:54  Probe  
  28  2:57  Oracle (Chrono Boost)  
  29  2:59  Probe  
  33  3:06  Probe  
  33  3:11  Probe  
  35  3:18  Probe  
  36  3:23  Probe  
  37  3:30  Probe  
  40  3:34  Void Ray (Chrono Boost)  
  40  3:35  Probe  
  40  3:36  Assimilator  
  40  3:38  Assimilator  
  41  3:42  Pylon, Probe  
  41  3:47  Pylon  
  41  3:48  Probe  
  43  3:54  Probe  
  44  4:00  Probe  
  45  4:07  Probe (Chrono Boost)  
  50  4:12  Void Ray, Pylon  
  52  4:18  Probe x2 (Chrono Boost)  
  52  4:23  Probe (Chrono Boost)  
  51  4:25  Probe (Chrono Boost)  
  50  4:33  Probe  
  50  4:36  Probe  
  52  4:39  Fleet Beacon  
  52  4:45  Probe  
  53  4:48  Probe  
  53  4:50  Gateway  
  53  4:51  Shield Battery  
  54  4:57  Probe  
  54  4:58  Stalker  
  57  5:00  Probe  
  57  5:02  Shield Battery  
  57  5:04  Shield Battery  
  58  5:10  Shield Battery  
  58  5:16  Stargate  
  58  5:23  Carrier (Chrono Boost)  
  58  5:28  Protoss Air Weapons Level 1 (Chrono Boost)  
  64  5:31  Sentry  
  66  5:36  Probe  
  66  5:38  Probe  
  66  5:41  Pylon  
  68  5:45  Pylon  
  68  5:47  Zealot  
  68  5:48  Pylon  
  70  5:52  Pylon  
  70  6:04  Pylon  
  76  6:13  Carrier (Chrono Boost)  
  82  6:18  Carrier (Chrono Boost)  
  82  6:25  Zealot x2  
  86  6:47  Nexus  
  86  6:51  Shield Battery  
  86  6:57  Shield Battery, Zealot  
  86  7:00  Carrier (Chrono Boost)  
  91  7:20  Zealot x2, Carrier (Chrono Boost)  
  99  7:35  Nexus  
  99  7:36  Pylon  
  99  7:39  Probe x2  
  99  7:41  Pylon  
  101  7:45  Forge  
  99  7:51  Probe  
  99  7:54  Probe  
  99  7:56  Pylon  
  101  8:03  Probe  
  88  8:06  Probe  
Tags
 
Add a new tag
Caveats
  • Supply blocks, unpowered buildings, or Contaminate may cause inaccurate times.
  • Supply counts are checked every 10 seconds.